 Dungeon Crawl Stone Soup version 0.29-a0-451-gfbfa42419e (webtiles) character file.

Game seed: 9535329038683995641

12 jsc133 the Ruffian (level 2, -1/26 HPs)
             Began as a Ghoul Monk on May 19, 2022.
             Slain by a goblin
             ... wielding a +1 dagger of protection
              (2 damage)
             ... on level 1 of the Dungeon.
             The game lasted 00:01:09 (427 turns).

jsc133 the Ruffian (Ghoul Monk)                      Turns: 427, Time: 00:01:10

Health: -1/26      AC:  2    Str: 14    XL:     2   Next: 33%
Magic:  1/1        EV: 12    Int:  5    God:
Gold:   29         SH:  0    Dex: 11    Spells: 1/1 levels left

rFire   . . .      SeeInvis .     - Unarmed
rCold   + . .      Faith    .   (no shield)
rNeg    + + +      Spirit   .   a - +0 robe
rPois   ∞          Reflect  .   (no helmet)
rElec   .          Harm     .   (no cloak)
rCorr   .          Rampage  .   (no gloves)
Will    .....                   (no boots)
Stlth   ++........              (no amulet)
HPRegen 0.00/turn               (no ring)
MPRegen 0.07/turn               (no ring)

@: inhibited regen
A: claws 1, cold resistance 1, negative energy resistance 3, inhibited
regeneration, torment resistance 2, devour on kill
a: no special abilities


You were on level 1 of the Dungeon.
You visited 1 branch of the dungeon, and saw 1 of its levels.

You collected 29 gold pieces.

Inventory:

Armour
 a - a +0 robe (worn)
Scrolls
 d - a scroll of enchant weapon {unknown}
Potions
 b - a potion of ambrosia
 c - a potion of mutation {unknown}


   Skills:
 + Level 3.5 Fighting
 + Level 2.9 Dodging
 + Level 2.3 Stealth
 + Level 3.5 Unarmed Combat


You had one spell level left.
You didn't know any spells.
Your spell library was empty.

Dungeon Overview and Level Annotations

Branches:
Dungeon (1/15)

Altars:


Innate Abilities, Weirdness & Mutations

You are immune to poison.
You have sharp fingernails.
Your flesh is cold resistant. (rC+)
You are immune to negative energy. (rN+++)
You do not regenerate when monsters are visible.
You are immune to unholy pain and torment.
You thrive by killing the living.


Message History

The goblin is moderately wounded.
The bat closely misses you.
The goblin hits you with a +1 dagger of protection.
The frilled lizard barely misses you.
You scratch the goblin but do no damage.
The goblin is moderately wounded.
The bat hits you but does no damage. The frilled lizard bites you.
* * * LOW HITPOINT WARNING * * *
The goblin barely misses you.
You barely miss the goblin.
The goblin is moderately wounded.
The bat closely misses you.
The frilled lizard completely misses you.
The goblin misses you.
You barely miss the goblin.
The goblin is moderately wounded.
The bat barely misses you. The frilled lizard closely misses you.
The goblin hits you but does no damage.
You scratch the goblin but do no damage.
The goblin is moderately wounded.
The bat misses you. The frilled lizard barely misses you.
The goblin barely misses you.
You barely miss the goblin.
The goblin is moderately wounded.
The bat hits you.
* * * LOW HITPOINT WARNING * * *
The goblin barely misses you.
The frilled lizard bites you but does no damage.
The hobgoblin shouts!
You scratch the goblin.
The goblin is heavily wounded.
The bat hits you but does no damage. The frilled lizard barely misses you.
The goblin hits you with a +1 dagger of protection.
* * * LOW HITPOINT WARNING * * *
You barely miss the goblin.
The goblin is heavily wounded.
The bat hits you but does no damage. The frilled lizard bites you.
* * * LOW HITPOINT WARNING * * *
The goblin hits you with a +1 dagger of protection.
You die...

#.# #..#.# #.# ..#.#
#.# #.#.# .# #.#
###.#.# ####.
####.####........###...
# ..........# #.... ...
. ####.####.# #...# #.#
.# ####.##
..###...###.##.#
.......
.g....l@g......##..
#######
..#####b..........#
######## #.###.#######
........ ####.# #.#
###..... .....# #.#
)....... #...##.#
###..... ..#....# ...
#....#.## #. #.#.#
#.#.##.#


You could see a hobgoblin, a goblin, a bat and a frilled lizard.

Vanquished Creatures
  A dart slug (D:1)
  A goblin (D:1)
  2 hobgoblins (D:1)
  2 jackals (D:1)
  A kobold (D:1)
  A frilled lizard (D:1)
  A rat (D:1)
9 creatures vanquished.

Notes
Turn   | Place    | Note
-------+----------+-------------------------------------------
     0 | D:1      | jsc133 the Ghoul Monk began the quest for the Orb.
     0 | D:1      | Reached XP level 1. HP: 19/19 MP: 0/0
   107 | D:1      | Reached XP level 2. HP: 18/26 MP: 1/1
   427 | D:1      | HP: 1/26 [frilled lizard (3)]
   427 | D:1      | Slain by a goblin

Illustrated notes

Levels and vault maps discovered:
D:1:      dpeg_arrival_water_altar, layout_loops_ring,
          wander_ebering_terrifying_dragon_lair

Action                   || total
-------------------------++-------
Melee: Unarmed           ||    38
       Punch             ||     1
 Stab: Sleeping          ||     1
Armor: Robe              ||    15
Dodge: Dodged            ||    36

Table legend: (Time is in decaauts)
 A = Elapsed time spent in this place.
 B = Non-inter-level travel time spent in this place.
 C = Inter-level travel time spent in this place.
 D = Time resting spent in this place.
 E = Time spent auto-exploring this place.
 F = Levels seen in this place.
 G = Mean time per level.
                   A        B        C        D        E       F      G
               +--------+--------+--------+--------+--------+-----+--------+
         Total |    425 |    425 |      0 |    230 |      0 |   1 |  425.0 |
       Dungeon |    425 |    425 |      0 |    230 |      0 |   1 |  425.0 |
               +--------+--------+--------+--------+--------+-----+--------+

Top non-repeatable levels by time:
     D:1: 425 daAuts
